 Dungeon Crawl Stone Soup version 0.27-a0-1186-g8b4daa1eef (webtiles) character file.

Game seed: 14376977428271665840

65 st0uf the Shield-Bearer (level 4, 0/29 HPs)
             Began as a Gargoyle Fighter on May 19, 2021.
             Killed from afar by an orc wizard (6 damage)
             ... with a puff of flame
             ... on level 3 of the Dungeon.
             The game lasted 00:03:46 (2056 turns).

st0uf the Shield-Bearer (Gargoyle Fighter)          Turns: 2056, Time: 00:03:46

Health: 0/29       AC: 12    Str: 21    XL:     4   Next: 13%
Magic:  4/4        EV:  9    Int:  8    God:
Gold:   53         SH:  0    Dex:  9    Spells: 3/3 levels left

rFire    . . .     SeeInvis .   a - +0 mace
rCold    . . .     Faith    .   k - +0 buckler
rNeg     + . .     Spirit   .   b - +0 scale mail
rPois    ∞         Reflect  .   p - +1 hat
rElec    +         Harm     .   (no cloak)
rCorr    .         Rampage  .   (no gloves)
Will     .....                  q - +0 pair of boots
Stlth    ..........             (no amulet)
HPRegen  0.09/turn              (no ring)
MPRegen  0.09/turn              (no ring)

@: confused
A: sickness immunity, AC +3, negative energy resistance 1, electricity
resistance, torment resistance 1, petrification resistance
a: no special abilities


You were on level 3 of the Dungeon.
You visited 1 branch of the dungeon, and saw 3 of its levels.

You collected 53 gold pieces.

Inventory:

Hand Weapons
 a - a +0 mace (weapon)
Missiles
 i - 30 bolts
Armour
 b - a +0 scale mail (worn)
 c - a +0 kite shield
 k - a +0 buckler (worn)
 p - a +1 hat (worn)
 q - a +0 pair of boots (worn)
Jewellery
 o - a ring of ice
Scrolls
 e - a scroll of immolation {unknown}
 f - 2 scrolls of identify {unknown}
 g - 2 scrolls of teleportation {unknown}
 h - a scroll of silence {unknown}
 l - a scroll of blinking {unknown}
 r - a scroll of amnesia {unknown}
Potions
 d - a potion of might
 j - a potion of heal wounds {unknown}
 m - a potion of brilliance {unknown}
 n - a potion of resistance {unknown}


   Skills:
 + Level 3.9 Fighting
 + Level 2.5 Maces & Flails
 + Level 3.8 Armour
 + Level 4.1 Shields


You had 3 spell levels left.
You didn't know any spells.
Your spell library was empty.

Dungeon Overview and Level Annotations

Branches:
Dungeon (3/15)

Altars:

Shops:
D:1 ?


Innate Abilities, Weirdness & Mutations

You are immune to sickness and miasma.
Your stone body is resilient. (AC +3)
You are immune to poison.
You resist negative energy. (rN+)
You are resistant to electric shocks. (rElec)
You are resistant to unholy torment.
You are immune to petrification.


Message History

A magic dart appears from out of thin air!
The magic dart hits you.
You miss something. Something hits you but does no damage.
You miss something.
Something hits you but does no damage. x2
You barely miss something. Something hits you but does no damage.
You hit something.
You hear some strange, mumbled words.
You are confused.
You bump into the rock wall.
Something hits you but does no damage.
You bump into the rock wall.
Something hits you but does no damage.
You miss something.
Something hits you but does no damage. x2
You completely miss something. Something hits you.
You completely miss something. Something hits you but does no damage.
You completely miss something.
You feel less confused. Something hits you.
You hit something.
An orc wizard appears from thin air!
Reactivating autopickup.
The orc wizard points at you and mumbles some strange words.
You are confused.
The orc wizard hits you but does no damage.
You barely miss the orc wizard.
The orc wizard is severely wounded.
The orc wizard hits you with a +0 dagger.
You bump into the rock wall.
The orc wizard barely misses you.
You bump into the rock wall.
The orc wizard casts a spell at you. The magic dart hits you.
* * * LOW HITPOINT WARNING * * *
You bump into the rock wall.
The orc wizard hits you but does no damage.
You barely miss the orc wizard.
The orc wizard is severely wounded.
The orc wizard gestures at you while chanting.
The puff of flame misses you.
You hit the orc wizard but do no damage.
The orc wizard is severely wounded.
The orc wizard gestures at you while chanting.
The puff of flame hits you.
You die...

#.# .#### #.# ....# #..
.##.# #.#.# # ###.##.#
#.#.# .####. ... #.#
#.#.# <.....# #.# #.#
#.#.# .......####.###.##
#.#.#
#......)@.)....#.###.#.#
..#....o###.#.###.##.#.#
.............## ##...#.##
..........###.###.###...#
...#...##o# #.#.........
#...... #.# #.###.#....
######. o# #.# #.####. #.
. . # # # #. ## #.


You could see an orc wizard.

Vanquished Creatures
  2 adders (D:3)
  A worm (D:2)
  2 dart slugs (D:2)
  2 orcs (D:3)
  2 ball pythons
  3 bats
  4 endoplasms
  A giant cockroach (D:2)
  4 hobgoblins
  A quokka (D:1)
  4 frilled lizards
  A goblin (D:1)
  8 kobolds
  3 rats
38 creatures vanquished.

Notes
Turn   | Place    | Note
-------+----------+-------------------------------------------
     0 | D:1      | st0uf the Gargoyle Fighter began the quest for the Orb.
     0 | D:1      | Reached XP level 1. HP: 14/14 MP: 1/1
   192 | D:1      | Reached XP level 2. HP: 19/19 MP: 2/2
   330 | D:1      | Found Qumuagas's Magic Scroll Shop.
   768 | D:2      | Reached XP level 3. HP: 23/23 MP: 3/3
  1717 | D:3      | Reached skill level 4 in Shields
  1837 | D:3      | Found a faded altar of an unknown god.
  1937 | D:3      | Reached XP level 4. HP: 22/29 MP: 4/4
  2056 | D:3      | Killed from afar by an orc wizard

Illustrated notes

Levels and vault maps discovered:
D:1:      minmay_arrival_shattered_statue, layout_basic, serial_shops,
          shop_scrolls, st_stairs_8, kennysheep_nondescript,
          minmay_misc_feat_doors
D:2:      layout_loops_ring
D:3:      layout_loops_ring, chequers_ecumenical_altar_twisty, uniq_grinder

Skill      XL: |  1  2  3 |
---------------+----------+-----
Shields        | 4 |  4.1
Fighting       | |  3.9
Maces & Flails | |  2.5
Armour         | |  3.8

Action                   |  1- 3 |  4- 6 || total
-------------------------+-------+-------++-------
Melee: Flail             |    19 |       ||    19
       Mace              |   113 |    26 ||   139
Armor: Scale mail        |    60 |    20 ||    80
Dodge: Dodged            |    49 |     4 ||    53
Block: Kite shield       |    41 |       ||    41
       Buckler           |    15 |     2 ||    17

Table legend: (Time is in decaauts)
 A = Elapsed time spent in this place.
 B = Non-inter-level travel time spent in this place.
 C = Inter-level travel time spent in this place.
 D = Time resting spent in this place.
 E = Time spent auto-exploring this place.
 F = Levels seen in this place.
 G = Mean time per level.
                   A        B        C        D        E       F      G
               +--------+--------+--------+--------+--------+-----+--------+
         Total |   2117 |   2067 |     50 |    348 |   1284 |   3 |  705.7 |
       Dungeon |   2117 |   2067 |     50 |    348 |   1284 |   3 |  705.7 |
               +--------+--------+--------+--------+--------+-----+--------+

Top non-repeatable levels by time:
     D:2: 1020 daAuts
     D:1: 705 daAuts
     D:3: 392 daAuts
